 Dungeon Crawl Stone Soup version 0.21-a0-128-gf2b353c (webtiles) character file.

222 Kurtz the Cudgeler (level 5, 0/41 HPs)
             Began as a Mummy Abyssal Knight on July 16, 2017.
             Was a Believer of Lugonu.
             Slain by a bullfrog (2 damage)
             ... on level 4 of the Dungeon.
             The game lasted 00:03:49 (3886 turns).

Kurtz the Cudgeler (Mummy Abyssal Knight)           Turns: 3886, Time: 00:03:50

Health: 0/41       AC:  6    Str: 17    XL:     5   Next: 66%
Magic:  6/6        EV: 11    Int: 11    God:    Lugonu [**....]
Gold:   192        SH:  0    Dex: 11    Spells: 4/4 levels left

rFire    x . .     SeeInvis .   a - +1 mace
rCold    + . .     Gourm    .   (no shield)
rNeg     + + +     Faith    .   f - +3 leather armour {rPois}
rPois    ∞         Spirit   .   (no helmet)
rElec    .         Reflect  .   (no cloak)
rCorr    .         Harm     .   (no gloves)
MR       .....                  (no boots)
Stlth    +.........             (no amulet)
HPRegen  0.13/turn              (no ring)
MPRegen  0.10/turn              (no ring)

@: no status effects
A: no food or potions, fire vulnerability, cold resistance 1, negative energy
resistance 3, torment resistance, unbreathing
a: Depart the Abyss, Bend Space, Renounce Religion


You were on level 4 of the Dungeon.
You worshipped Lugonu.
Lugonu was pleased with you.
You were not hungry.

You visited 1 branch of the dungeon, and saw 4 of its levels.
You visited the Abyss 1 time.

You collected 192 gold pieces.

Inventory:

Hand Weapons
 a - a +1 mace (weapon)
 o - a -1 spear
Missiles
 g - 5 tomahawks (quivered)
Armour
 b - a +0 leather armour
 f - a +3 leather armour of poison resistance (worn)
Wands
 j - a wand of digging (17/24)
 n - a wand of disintegration (16/24)
Scrolls
 c - 5 scrolls of teleportation
 d - a scroll of recharging
 e - a scroll of identify {unknown}
 h - a scroll of enchant armour
 i - a scroll of fear
 l - a scroll of amnesia


   Skills:
 - Level 3.0 Fighting
 * Level 5.0 Maces & Flails
 - Level 1.5 Armour
 - Level 0.7 Dodging
 - Level 1.5 Invocations


You had 4 spell levels left.
You didn't know any spells.

Dungeon Overview and Level Annotations

Branches:
Dungeon (4/15)             Temple (0/1) D:4

Altars:
Cheibriados

Annotations:
D:3 Okiemurse's ghost, amateur HOMo


Innate Abilities, Weirdness & Mutations

You do not eat or drink.
Your flesh is vulnerable to fire.
You are immune to poison.
Your flesh is cold resistant. (rC+)
You are immune to negative energy. (rN+++)
You are immune to unholy pain and torment.
You can survive without breathing.


Message History

You sock the bullfrog!
The bullfrog is moderately wounded.
The bullfrog hits you.
* * * LOW HITPOINT WARNING * * *
Unknown command.
You hit the bullfrog.
The bullfrog is severely wounded.
The bullfrog hits you but does no damage.
The bullfrog hits you.
* * * LOW HITPOINT WARNING * * *
Unknown command.
You barely miss the bullfrog.
The bullfrog is severely wounded.
The bullfrog hits you.
* * * LOW HITPOINT WARNING * * *
The bullfrog hits you but does no damage.
You barely miss the bullfrog.
The bullfrog is severely wounded.
The bullfrog hits you.
You die...

....... #.⌠.#.⌠...⌠. .......
#...#...#... .......##
############ ........#
........## .....?...###
...........## ##
...........F### #####.
...........#@.## ######.....
......#....##..####.......###
.....#....#####......######
#...##....# ##.##### ##.#
#...## #..# ## #...# #..#
...# ##.# #..# .# ..


You could see a bullfrog.

Vanquished Creatures
  A howler monkey (D:4)
  A centaur skeleton (D:4)
  6 adders
  A white imp (Abyss:1)
  An ooze (D:3)
  A worm (D:2)
  4 dart slugs
  5 leopard geckos
  2 orcs (D:4)
  3 ball pythons
  3 giant cockroaches (D:2)
  4 hobgoblins
  13 jackals
  6 kobolds
  2 quokkas (D:3)
  4 bats
  4 frilled lizards (D:1)
  6 goblins
67 creatures vanquished.

Notes
Turn   | Place    | Note
-------+----------+-------------------------------------------
     0 | Abyss:1  | Kurtz the Mummy Abyssal Knight began the quest for the Orb.
     0 | Abyss:1  | Reached XP level 1. HP: 18/18 MP: 2/2
     3 | Abyss:1  | Found a corrupted altar of Lugonu.
    78 | Abyss:1  | Reached skill level 2 in Maces & Flails
   112 | Abyss:1  | Noticed a raiju
   113 | D:1      | Escaped the Abyss
   124 | D:1      | Reached XP level 2. HP: 11/24 MP: 1/3
   760 | D:1      | Reached * piety under Lugonu
   924 | D:2      | Reached skill level 3 in Maces & Flails
   924 | D:2      | Reached XP level 3. HP: 18/29 MP: 4/4
  1475 | D:2      | Reached XP level 4. HP: 33/35 MP: 5/5
  2200 | D:2      | Reached skill level 4 in Maces & Flails
  2367 | D:3      | Found a snail-covered altar of Cheibriados.
  2748 | D:3      | Noticed Okiemurse's ghost (amateur HOMo)
  3107 | D:3      | Reached XP level 5. HP: 34/41 MP: 6/6
  3215 | D:3      | Reached ** piety under Lugonu
  3772 | D:4      | Reached skill level 5 in Maces & Flails
  3810 | D:4      | Found a staircase to the Ecumenical Temple.
  3885 | D:4      | HP: 2/41 [bullfrog (1)]
  3886 | D:4      | Slain by a bullfrog

Vault maps used:
D:1:      lightli_arrival_statue_moat, lemuel_flame_loot_1
D:3:      kennysheep_goblin_castle, kennysheep_slug_shrine, first_bread,
          kennysheep_doodads, minmay_misc_feat_cross
D:4:      minmay_temple_entry_nine_rooms, hangedman_decor_peaks_small

Skill      XL: |  1  2  3  4  5 |
---------------+----------------+-----
Maces & Flails | 2 3 4 5 |  5.0
Fighting       | |  3.0
Armour         | |  1.5
Dodging        | |  0.7
Invocations    | |  1.5

Action                   |  1- 3 |  4- 6 || total
-------------------------+-------+-------++-------
Melee: Mace              |   100 |   147 ||   247
       Spear             |       |    15 ||    15
Invok: Depart the Abyss  |     1 |       ||     1
  Use: Scroll            |       |     9 ||     9
 Stab: Sleeping          |       |     1 ||     1
Armor: Leather armour    |    45 |    44 ||    89
Dodge: Dodged            |    99 |   137 ||   236
